 Dungeon Crawl Stone Soup version 0.19.1-1-g22dce08 (webtiles) character file.

16603 theAP the Bludgeoner (level 12, -5/82 HPs)
             Began as a Gargoyle Fighter on Jan 3, 2017.
             Was an Elder of Ashenzari.
             Shot with a bolt by a yaktaur captain (48 damage)
             ... on level 12 of the Dungeon.
             The game lasted 00:41:18 (13366 turns).

theAP the Bludgeoner (Gargoyle Fighter)            Turns: 13366, Time: 00:41:19

Health: -5/82      AC: 23    Str: 30    XL:     12   Next: 39%
Magic:  12/12      EV: 13    Int: 10    God:    Ashenzari [****..]
Gold:   434        SH:  0    Dex:  9    Spells: 0 memorised, 11 levels left

rFire  . . .     SeeInvis +     F - +7 great mace of Honour {crush, Str+6} (curse)
rCold  . . .     Gourm    .     H - +0 plate armour (curse)
rNeg   + . .     Faith    .     (shield currently unavailable)
rPois  ∞         Spirit   .     (helmet restricted)
rElec  +         Reflect  .     k - +0 cloak (curse)
rCorr  .         Harm     .     (no gloves)
MR     .....     Clarity  +     (no boots)
Stlth  ..........               (no amulet)
                                n - ring of stealth (curse)
                                b - +6 ring of evasion (curse)

@: no status effects
A: antennae 1, slimy green scales 1, negative energy resistance 1, electricity
resistance, unbreathing, petrification resistance, rot immunity, AC +8
a: Curse Item, Scrying, Renounce Religion


You were on level 12 of the Dungeon.
You worshipped Ashenzari.
Ashenzari was greatly pleased with you.
You were not hungry.

You visited 2 branches of the dungeon, and saw 13 of its levels.
You also visited: Sewer.

You collected 728 gold pieces.
You spent 294 gold pieces at shops.

Inventory:

Hand Weapons
 a - a +1 flail
 j - the +2 mace "Grim Tooth" {crush, rElec}
   (You found it on level 4 of the Dungeon)

   It inflicts extra damage upon your enemies.
   It insulates you from electricity.
 q - a +4 flail of holy wrath
 F - the cursed +7 great mace of Honour (weapon) {crush, Str+6}
   (You acquired it on level 11 of the Dungeon)

   It inflicts extra damage upon your enemies.
   It affects your strength (+6).
   It has a curse placed upon it.
Armour
 c - a +0 shield
 e - a cursed +2 helmet
 k - a cursed +0 cloak (worn)
 H - a cursed +0 plate armour (worn)
Jewellery
 b - a cursed +6 ring of evasion (left hand)
 g - an uncursed ring of wizardry
 n - a cursed ring of stealth (right hand)
 r - an uncursed ring of wizardry
 K - a +6 ring of intelligence
Wands
 w - a wand of polymorph (17/24)
 x - a wand of acid (5/15)
 y - a wand of confusion (48/48)
 z - a wand of iceblast (9/15)
 B - a wand of digging (15/24)
 E - a wand of acid (5/15)
 G - a wand of confusion (7/48)
Scrolls
 i - a scroll of remove curse
 u - a scroll of amnesia
 I - a scroll of fear
Potions
 d - a potion of magic
 l - 5 potions of brilliance
 o - a potion of cancellation
 p - a potion of curing
 t - a potion of heal wounds
 v - 2 potions of ambrosia
 D - 2 potions of flight
Books
 C - a book of Misfortune

   Spells                             Type                      Level
   a - Confusing Touch                Hexes                        1
   b - Confuse                        Hexes                        3
   c - Gell's Gravitas                Hexes/Translocation          3
   d - Petrify                        Transmutation/Earth          4
   e - Metabolic Englaciation         Hexes/Ice                    5
   f - Yara's Violent Unravelling     Hexes/Transmutation          5
 J - a book of Minor Magic

   Spells                             Type                      Level
   a - Magic Dart                     Conjuration                  1
   b - Blink                          Translocation                2
   c - Call Imp                       Summoning                    2
   d - Repel Missiles                 Charms/Air                   2
   e - Slow                           Hexes                        2
   f - Conjure Flame                  Conjuration/Fire             3
   g - Mephitic Cloud                 Conjuration/Poison/Air       3
Comestibles
 f - 8 bread rations
 h - 8 slices of pizza
 m - 5 meat rations
 s - 7 beef jerkies
 A - 19 fruits


   Skills:
 + Level 12.8 Fighting
 * Level 15.4(19.4) Maces & Flails
 - Level 3.4 Armour
 - Level 3.3 Shields


You had 11 spell levels left.
You didn't know any spells.

Dungeon Overview and Level Annotations

Branches:
Dungeon (12/15)            Temple (1/1) D:4            Lair (0/6) D:11
    Orc (0/2) D:9

Altars:
Ashenzari
Cheibriados
Dithmenos
Elyvilon
Fedhas
Gozag
Hepliaklqana
Kikubaaqudgha
Makhleb
Nemelex Xobeh
Okawaru
Qazlal
Ru
Sif Muna
Trog
Uskayaw
Vehumet
Xom
Yredelemnul
Zin
The Shining One
Beogh

Shops:
D:5 *   D:10 (((}}


Innate Abilities, Weirdness & Mutations

You are resistant to torment.
Your stone body is resilient. (AC +8)
You are immune to poison.
You resist negative energy. (rN+)
You are resistant to electric shocks. (rElec)
You can survive without breathing.
You are immune to petrification.
You are immune to rotting.
You have a pair of small antennae on your head.
You are partially covered in slimy green scales. (AC +2)


Message History

You kill the bullfrog!
No target in view!
A bullfrog skeleton comes into view.
You thump the bullfrog skeleton!
The bullfrog skeleton is heavily damaged.
The bullfrog skeleton hits you.
You shatter the bullfrog skeleton into splinters!!!
You destroy the bullfrog skeleton!
No target in view!
All of the chunks of flesh in your inventory have rotted away.
A yaktaur captain comes into view.
The yaktaur captain shouts!
The yaktaur captain wields an arbalest.
The yaktaur captain shoots a bolt.
The bolt hits you!
You see here a bolt.
You feel much better.
The yaktaur captain shoots a bolt.
The bolt hits you!
The yaktaur captain shoots a bolt.
The bolt barely misses you.
The yaktaur captain shoots a bolt.
The bolt hits you!!!
Ouch! That really hurt!
You die...

..÷(.####(.######..#****
*, ,
....................., ,
* *
###......(..........., ,
* ,
#..####).........##** ,
, ,* , #..# #).........#
,, * #..# #..........#
** *,,,* *
#..####.†........#* , *
*
#................##.#.,
* , ,
#.........(...@.c.....,
,, ,
#..#####..#..#####J###
*** #., #<.##.# *, , , ,
,.., #..##.#*, * * ,*,,,
..,,, #.<##.#*,, * , # *
#..##.#, *, * * , *
#..##.',, * , ,, , #..
..#* * *** , * ,, ** ,,
* ,


You could see a yaktaur captain and a slime creature (wandering).

Vanquished Creatures
  A hydra (D:10)
  Erica (D:10)
  2 hill giants
  2 cyclopes
  A manticore (D:11)
  A centaur zombie (D:12)
  A gargoyle (D:11)
  The ghost of theAP the Cudgeler, a novice GrFi (D:4)
  A yaktaur (D:12)
  A troll (shapeshifter) (D:12)
  2 trolls
  A two-headed ogre (D:10)
  2 dream sheep (D:10)
  A hippogriff (D:11)
  A water elemental (D:11)
  A wyvern (D:11)
  A wraith (D:12)
  Grum (D:10)
  8 yaks
  A water moccasin (D:6)
  15 orc warriors
  4 phantoms
  3 sky beasts
  A black bear (D:7)
  2 centaurs
  2 necrophages
  10 ogres
  4 wolves (D:10)
  The ghost of theAP the Skirmisher, an amateur GrFi (D:3)
  13 big kobolds
  3 gnoll sergeants (D:9)
  6 bullfrogs
  6 scorpions
  21 killer bees
  A water moccasin skeleton (D:8)
  3 howler monkeys (D:11)
  8 electric eels
  6 crimson imps
  A bullfrog zombie (D:6)
  A quasit (D:9)
  A centaur skeleton (D:7)
  8 hounds
  2 jellies
  3 bullfrog skeletons
  11 orc priests
  3 iguanas
  9 orc wizards
  6 worker ants
  A hound zombie (D:7)
  A hound skeleton (D:7)
  A howler monkey zombie (D:9)
  2 worker ant zombies
  7 gnolls
  7 river rats (Sewer)
  11 adders
  A shadow imp (D:8)
  An ooze (D:5)
  2 adder skeletons
  A worm (D:2)
  2 dart slugs
  6 leopard geckos
  65 orcs
  5 ball pythons (Sewer)
  11 giant cockroaches
  7 goblins
  6 hobgoblins
  12 jackals
  6 quokkas
  6 bats
  7 frilled lizards
  46 kobolds
  3 leopard gecko skeletons
  23 rats
425 creatures vanquished.

Vanquished Creatures (others)
  A water elemental (D:11)
1 creature vanquished.

Grand Total: 426 creatures vanquished

Notes
Turn   | Place    | Note
-------+----------+-------------------------------------------
     0 | D:1      | theAP the Gargoyle Fighter began the quest for the Orb.
     0 | D:1      | Reached XP level 1. HP: 14/14 MP: 1/1
    62 | D:1      | Reached XP level 2. HP: 14/19 MP: 2/2
   815 | D:2      | Reached XP level 3. HP: 24/24 MP: 3/3
   964 | D:2      | Reached skill level 3 in Maces & Flails
  1600 | D:3      | Reached XP level 4. HP: 27/29 MP: 4/4
  1688 | D:3      | Found a glowing drain.
  1758 | D:3      | Reached skill level 4 in Maces & Flails
  1763 | D:3      | Reached XP level 5. HP: 15/34 MP: 5/5
  1793 | Sewer    | Entered a sewer
  2343 | Sewer    | Noticed a big kobold
  2361 | Sewer    | Killed a big kobold
  2361 | Sewer    | Reached skill level 5 in Fighting
  2361 | Sewer    | Reached skill level 5 in Maces & Flails
  2361 | Sewer    | Reached XP level 6. HP: 32/40 MP: 6/6
  2617 | Sewer    | Reached XP level 7. HP: 37/44 MP: 7/7
  2965 | D:3      | Reached skill level 6 in Maces & Flails
  3271 | D:3      | Noticed theAP's ghost (amateur GrFi)
  3286 | D:3      | Killed theAP's ghost
  3789 | D:4      | Noticed theAP's ghost (novice GrFi)
  3840 | D:4      | Killed theAP's ghost
  3840 | D:4      | Reached skill level 7 in Maces & Flails
  3840 | D:4      | Reached XP level 8. HP: 42/52 MP: 8/8
  3896 | D:4      | Got a transparent mace
  3897 | D:4      | Identified the cursed +2 mace "Grim Tooth" {crush, rElec} (You found it on level 4 of the Dungeon)
  4085 | D:4      | You fall through a shaft for 3 floors!
  4119 | D:7      | Reached skill level 8 in Maces & Flails
  4412 | D:7      | Reached skill level 9 in Maces & Flails
  4671 | D:7      | Reached XP level 9. HP: 59/59 MP: 9/9
  4747 | D:5      | Entered Level 5 of the Dungeon
  4767 | D:5      | Found Nolytum's Assorted Antiques.
  5023 | D:4      | Found a staircase to the Ecumenical Temple.
  5036 | Temple   | Entered the Ecumenical Temple
  5300 | Temple   | Became a worshipper of Ashenzari the Shackled
  5640 | D:4      | Reached skill level 10 in Maces & Flails
  6679 | D:6      | Reached * piety under Ashenzari
  6942 | D:7      | Identified the +4 trident of Defiance {antimagic, rPois rF+ rN+ SInv}
  7266 | D:7      | Reached skill level 11 in Maces & Flails
  7595 | D:8      | Reached XP level 10. HP: 66/66 MP: 10/10
  8033 | D:9      | Reached ** piety under Ashenzari
  8112 | D:9      | Gained mutation: Your magical capacity is low. (-10% MP) [mutagenic meat]
  8113 | D:9      | Gained mutation: Armour fits poorly on your strangely shaped body. [mutagenic meat]
  8114 | D:9      | Gained mutation: You are partially covered in slimy green scales. (AC +2) [mutagenic meat]
  8115 | D:9      | Gained mutation: You expend magic power (3 MP) to strengthen your wands. [mutagenic meat]
  8116 | D:9      | Gained mutation: Scrolls take you a little longer to read. [mutagenic meat]
  8407 | D:9      | Reached skill level 10 in Fighting
  8446 | D:9      | Reached skill level 12 in Maces & Flails
  8532 | D:9      | Found a roughly hewn altar of Beogh.
  8600 | D:9      | Found a staircase to the Orcish Mines.
  8707 | D:9      | Reached skill level 13 in Maces & Flails
  8708 | D:9      | Reached XP level 11. HP: 28/73 MP: 9/9
  8920 | D:9      | Gained mutation: You passively map a small area around you. [mutagenic meat]
  9292 | D:10     | Entered Level 10 of the Dungeon
  9319 | D:10     | Found Vahuez's Weapon Boutique.
  9321 | D:10     | Noticed Grum
  9321 | D:10     | Noticed Erica
  9365 | D:10     | Killed Erica
  9380 | D:10     | Killed Grum
  9409 | D:10     | Found Acysoo's Antique Weapon Boutique.
  9918 | D:10     | Bought a runed flail for 294 gold pieces
 10014 | D:10     | Noticed a three-headed hydra
 10033 | D:10     | Killed a three-headed hydra
 10033 | D:10     | Reached skill level 14 in Maces & Flails
 10296 | D:10     | Found Kaarup's Weapon Shop.
 11058 | D:10     | Gained mutation: You are frail. (-10% HP) [potion of mutation]
 11058 | D:10     | Gained mutation: You have a pair of small antennae on your head. [potion of mutation]
 11058 | D:10     | Gained mutation: You are weak. (Str -2) [potion of mutation]
 11059 | D:10     | Lost mutation: You are frail. (-10% HP) [potion of mutation]
 11059 | D:10     | Lost mutation: You expend magic power (3 MP) to strengthen your wands. [potion of mutation]
 11060 | D:10     | Lost mutation: You passively map a small area around you. [potion of cure mutation]
 11060 | D:10     | Lost mutation: Scrolls take you a little longer to read. [potion of cure mutation]
 11060 | D:10     | Lost mutation: You are weak. (Str -2) [potion of cure mutation]
 11060 | D:10     | Lost mutation: Armour fits poorly on your strangely shaped body. [potion of cure mutation]
 11060 | D:10     | Lost mutation: Your magical capacity is low. (-10% MP) [potion of cure mutation]
 11173 | D:10     | Reached *** piety under Ashenzari
 11236 | D:10     | Found Lintug's Gadget Boutique.
 11287 | D:10     | Found Gubisirgh's Gadget Shoppe.
 11907 | D:11     | Noticed a cyclops
 11926 | D:11     | Killed a cyclops
 12104 | D:11     | Noticed a hill giant
 12113 | D:11     | Killed a hill giant
 12128 | D:11     | Noticed a manticore
 12151 | D:11     | Killed a manticore
 12151 | D:11     | Reached XP level 12. HP: 40/81 MP: 12/12
 12379 | D:11     | Found a staircase to the Lair.
 12704 | D:11     | Identified a scroll of acquirement
 12704 | D:11     | Identified the cursed +7 great mace of Honour {crush, Str+6} (You acquired it on level 11 of the Dungeon)
 12751 | D:11     | Reached **** piety under Ashenzari
 13067 | D:12     | Reached skill level 15 in Maces & Flails
 13361 | D:12     | Noticed a yaktaur captain
 13366 | D:12     | Shot with a bolt by a yaktaur captain

Skill      XL: |  1  2  3  4  5  6  7  8  9 10 11 12 |
---------------+-------------------------------------+-----
Maces & Flails | 3 4 5 7 9 11 13 14 15 | 15.4
Fighting       | 4 5 6 7 9 10 12 | 12.8
Armour         | |  3.4
Shields        | |  3.3

Action                   |  1- 3 |  4- 6 |  7- 9 | 10-12 || total
-------------------------+-------+-------+-------+-------++-------
Melee: Flail             |   173 |   300 |   163 |       ||   636
       Mace              |       |       |   398 |   848 ||  1246
       Great mace        |       |       |       |    70 ||    70
Invok: Curse Item        |       |       |     4 |     1 ||     5
  Use: Scroll            |     4 |     1 |     8 |    18 ||    31
       Potion            |       |       |    10 |    15 ||    25
 Stab: Distracted        |       |       |       |     1 ||     1
  Eat: Chunk             |     1 |     2 |    11 |    20 ||    34
       Pizza             |     1 |       |       |       ||     1
       Beef jerky        |       |     1 |       |       ||     1
       Meat ration       |       |       |     1 |       ||     1
       Fruit             |       |       |     2 |     6 ||     8
Armor: Scale mail        |   114 |   338 |   308 |       ||   760
       Plate armour      |       |       |    11 |   382 ||   393
Dodge: Dodged            |    56 |   185 |   155 |   316 ||   712
Block: Shield            |   104 |   282 |   313 |   382 ||  1081
